 Dungeon Crawl Stone Soup version 0.31.0-12-g77e489cdc1 (webtiles) character file.

Game seed: 15688139593304366151

742 Heoruswealwe the Thaumaturge (level 7, -1/36 HPs)
             Began as a Deep Elf Conjurer on Feb 23, 2024.
             Slain by a black bear (5 damage)
             ... on level 6 of the Dungeon.
             The game lasted 00:28:22 (3058 turns).

Heoruswealwe the Thaumaturge (Deep Elf Conjurer)    Turns: 3058, Time: 00:28:23

Health: -1/36      AC:  2    Str:  4    XL:     7   Next: 47%
Magic:  12/20      EV: 12    Int: 25    God:
Gold:   220        SH:  0    Dex: 13    Spells: 10/22 levels left

rFire   + . .        b - +0 war axe (vamp)
rCold   . . .        (no shield)
rNeg    . . .        c - +0 robe
rPois   .            g - +0 mask of the Dragon {Will+ Slay+3 SInv}
rElec   .            (no cloak)
rCorr   .            (no gloves)
SInv    +            (no boots)
Will    +....        (no amulet)
Stlth   ++           k - ring of protection from fire
HPRegen 0.26/turn    (no ring)
MPRegen 0.17/turn

%: no passive effects
@: no status effects
A: hooves 1
a: no special abilities


You were on level 6 of the Dungeon.
You visited 1 branch of the dungeon, and saw 6 of its levels.
You also visited: Sewer.

You collected 220 gold pieces.

Inventory:

Hand Weapons
 b - a +0 vampiric war axe (weapon)
Missiles
 u - 16 stones
Armour
 c - a +0 robe (worn)
 g - the +0 mask of the Dragon (worn) {Will+ Slay+3 SInv}
   (You found it on level 5 of the Dungeon)

   Slay+3:    It affects your accuracy & damage with ranged weapons and melee
   (+3).
   Will+:     It increases your willpower.
   SInv:      It lets you see invisible.
 i - a +0 robe
 n - a +0 robe
 t - a +0 robe
 x - the orb "Vasuynott" {light, *Slow Necro Tloc}
   (You found it on level 4 of the Dungeon)

   *Slow:     It may slow you when you take damage.
   Necro:     It increases the power of your Necromancy spells.
   Tloc:      It increases the power of your Translocations spells.
Jewellery
 k - a ring of protection from fire (left hand)
 w - a ring of see invisible
Scrolls
 a - 2 scrolls of revelation
 f - 2 scrolls of enchant weapon
 l - 2 scrolls of blinking
 y - 2 scrolls of teleportation
Potions
 e - a potion of curing
 s - 2 potions of heal wounds
 A - 2 potions of magic


   Skills:
 - Level 2.4 Dodging
 - Level 2.4 Stealth
 + Level 8.2 Spellcasting
 + Level 7.8 Conjurations


You had 10 spell levels left.
You knew the following spells:

 Your Spells              Type           Power      Damage    Failure   Level
a - Magic Dart            Conj           100%       1d8       1%          1
b - Sting                 Conj/Alch      100%       1d9       1%          1
c - Searing Ray           Conj           98%        2d8       1%          2
d - Iskenderun's Mystic   Conj/Tloc      30%        2d8       12%         4
e - Fulminant Prism       Conj/Alch      15%        3d10      12%         4

Your spell library contained the following spells:

 Spells                   Type           Power      Damage    Failure   Level
 Momentum Strike          Conj/Tloc      60%        3d9       1%          2
 Apportation              Tloc           20%        N/A       6%          1
 Necrotise                Necr           40%        1d6       6%          1
 Sandblast                Erth           20%        2d7       6%          1
 Summon Small Mammal      Summ           40%        N/A       6%          1
 Blink                    Tloc           20%        N/A       9%          2
 Lesser Beckoning         Tloc           20%        N/A       9%          2
 Mercury Vapours          Alch/Air       20%        N/A       9%          2
 Olgreb's Toxic Radiance  Alch           10%        N/A       52%         4


Dungeon Overview and Level Annotations

Branches:
Dungeon (6/15)              Sewer (visited)
 Temple: D:4-7

Altars:

Annotations:
D:3 2 runed translucent doors, Computerfleisch's ghost, amateur MiFi


Innate Abilities, Weirdness & Mutations

You have large cloven feet.


Message History

The black bear is moderately wounded.
The magic dart hits the black bear.
The black bear is moderately wounded.
The ufetubus slips past you! The ufetubus hits you. x2
The black bear bites you. The black bear barely misses you. x2
The ufetubus misses you. The ufetubus barely misses you.
The magic dart hits the black bear but does no damage.
The black bear is moderately wounded.
The black bear bites you. The black bear closely misses you.
The black bear claws you but does no damage.
The ufetubus hits you. The ufetubus barely misses you.
The magic dart hits the black bear.
The black bear is heavily wounded.
The ufetubus barely misses you. x2; The black bear bites you.
The black bear completely misses you. The black bear claws you.
The ufetubus hits you.
The ufetubus hits you but does no damage.
You closely miss the black bear. Your kick misses the black bear.
The black bear is heavily wounded.
You hit the ufetubus. The black bear bites you.
The black bear barely misses you. x2; The ufetubus hits you. x2
* * * LOW HITPOINT WARNING * * *
The black bear bites you.
* * * LOW HITPOINT WARNING * * *
The black bear claws you.
* * * LOW HITPOINT WARNING * * *
The black bear closely misses you. The ufetubus completely misses you.
The ufetubus closely misses you.
You closely miss the black bear.
The black bear is heavily wounded.
You hit the ufetubus.
You kill the ufetubus!
The black bear bites you.
* * * LOW HITPOINT WARNING * * *
The black bear claws you but does no damage.
The black bear barely misses you.
You hit the black bear.
You feel better.
You kick the black bear.
The black bear is severely wounded.
The black bear bites you.
You die...

.........#####..# ....##
.)......##.$5##.##......
.)......#..∩55#.........
.=......##$5$##.........
.).......#####..........
........................
........##..##..........
........###.##..h....$..
#.......# .##>.@.......
#.......# .#..........
#.......# #)....$......
######### ###.......$..
..........# ##.........#
#......:..# #........)#


You could see a black bear.

Vanquished Creatures
  Pargi (Sewer)
  A black bear (D:3)
  An ogre (D:4)
  2 brain worms (Sewer)
  A scorpion (D:4)
  An iguana (D:4)
  An orc wizard (D:6)
  4 gnolls (D:4)
  7 adders
  3 river rats (D:4)
  2 ufetubi (D:6)
  A dart slug (D:1)
  2 ribbon worms (D:4)
  11 orcs
  9 ball pythons
  A bat (D:2)
  11 endoplasms
  4 giant cockroaches
  3 goblins
  5 hobgoblins
  2 jackals (D:4)
  9 kobolds
  2 quokkas (D:2)
  3 frilled lizards
  5 rats
92 creatures vanquished.

Notes
Turn   | Place    | Note
-------+----------+-------------------------------------------
     0 | D:1      | Heoruswealwe the Deep Elf Conjurer began the quest for the
                  | Orb.
     0 | D:1      | Reached XP level 1. HP: 10/10 MP: 6/6
   227 | D:1      | Reached XP level 2. HP: 15/15 MP: 1/8
   230 | D:1      | Learned a level 2 spell: Searing Ray
   996 | D:2      | Reached skill level 4 in Spellcasting
  1033 | D:2      | Reached skill level 5 in Conjurations
  1033 | D:2      | Reached XP level 3. HP: 19/19 MP: 3/10
  1110 | D:2      | Found a faded altar of an unknown god.
  1171 | D:2      | Got Plato's Volume of the Quake
  1402 | D:1      | You fall into a shaft and drop 1 floor!
  1506 | D:3      | Reached XP level 4. HP: 24/24 MP: 7/12
  1511 | D:3      | Learned a level 4 spell: Fulminant Prism
  1518 | D:3      | Learned a level 4 spell: Iskenderun's Mystic Blast
  1555 | D:3      | Learned a level 1 spell: Sting
  1597 | D:3      | Found a large runed translucent door.
  1597 | D:3      | Found a large runed translucent door.
  1598 | D:3      | Noticed Computerfleisch's ghost (amateur MiFi)
  1621 | D:3      | Noticed a black bear
  1628 | D:3      | Killed a black bear
  1629 | D:3      | Reached skill level 5 in Spellcasting
  1629 | D:3      | Reached XP level 5. HP: 28/28 MP: 4/15
  1685 | D:2      | You fall into a shaft and drop 2 floors!
  1787 | D:4      | Reached skill level 6 in Spellcasting
  1798 | D:4      | Noticed an ogre
  1843 | D:4      | Killed an ogre
  1844 | D:4      | Reached XP level 6. HP: 32/32 MP: 4/17
  2032 | D:4      | Reached skill level 7 in Spellcasting
  2065 | D:4      | Identified the orb "Vasuynott" {light, *Slow Necro Tloc}
  2244 | D:4      | Found a glowing drain.
  2255 | Sewer    | Entered a sewer
  2385 | Sewer    | Reached XP level 7. HP: 36/36 MP: 16/19
  2393 | Sewer    | Noticed Pargi
  2400 | Sewer    | Killed Pargi
  2401 | Sewer    | Reached skill level 8 in Spellcasting
  2664 | Sewer    | Gained mutation: You have large cloven feet. [potion of
                  | mutation]
  2934 | D:5      | Entered Level 5 of the Dungeon
  2934 | D:5      | Found the +0 mask of the Dragon {Will+ Slay+3 SInv}
  3058 | D:6      | Slain by a black bear

Illustrated notes

Levels and vault maps discovered:
D:1:      dpeg_arrival_arbitrary_a, layout_basic
D:2:      layout_rooms, shapermc_ecumenical_altar_rom_forum
D:3:      layout_rooms, ebering_ghost_disaster_area, hex_intersection
D:4:      layout_loops_corners, portal_sewer_entry_e
D:5:      layout_basic
D:6:      cheibrodos_quashed, layout_rooms, serial_shops, shop

Skill      XL: |  1  2  3  4  5  6  7 |
---------------+----------------------+-----
Spellcasting   | 4 5 6 7 8 |  8.2
Conjurations   | 5 6 7 |  7.8
Dodging        | |  2.4
Stealth        | |  2.4

Action                     |  1- 3 |  4- 6 |  7- 9 || total
---------------------------+-------+-------+-------++-------
  Melee: Unarmed           |    16 |       |       ||    16
         Punch             |     2 |       |       ||     2
         War axe           |       |     2 |     7 ||     9
         Kick              |       |       |     2 ||     2
   Cast: Magic Dart        |    69 |    70 |    37 ||   176
         Searing Ray       |       |     8 |     1 ||     9
    Use: Scroll            |     1 |       |    12 ||    13
         Potion            |       |     1 |     8 ||     9
   Stab: Sleeping          |       |     1 |       ||     1
 Armour: Robe              |     6 |    12 |    32 ||    50
  Dodge: Dodged            |     9 |     9 |    27 ||    45
